 Dungeon Crawl Stone Soup version 0.17-a0-1939-ga475588 (webtiles) character file.

67 mcbry74 the Vandal (level 4, 29/29 HPs)
             Began as a Halfling Hunter on Sept 29, 2015.
             Quit the game on level 2 of the Dungeon.
             The game lasted 00:14:15 (1773 turns).

mcbry74 the Vandal (Halfling Hunter)                Turns: 1773, Time: 00:14:15

Health: 29/29      AC:  4    Str: 12    XL:     4   Next: 38%
Magic:  4/4        EV: 11    Int: 11    God:
Gold:   40         SH:  0    Dex: 14    Spells: 0 memorised, 3 levels left

rFire  x . .     SeeInvis .     s - -2 dagger
rCold  + + .     Clarity  .     j - ice dragon hide
rNeg   . . .     SustAt   .     (shield restricted)
rPois  .         Gourm    .     (no helmet)
rElec  .         Spirit   .     (no cloak)
rCorr  .         Warding  .     (no gloves)
rMut   .         Stasis   .     (no boots)
MR     .....                    (no amulet)
Stlth  ..........               (no ring)
                                (no ring)

@: about to teleport, not resistant to hostile enchantments, extremely
unstealthy
A: mutation resistance 1
a: no special abilities


You were on level 2 of the Dungeon.
You were full.

You visited 1 branch of the dungeon, and saw 3 of its levels.

You collected 40 gold pieces.

Inventory:

Hand weapons
 a - a +1 hunting sling
 c - a +0 short sword
 s - a -2 dagger (weapon)
 v - a cursed -1 short sword
Missiles
 b - 28 sling bullets
 p - 40 stones (quivered)
Armour
 d - a +0 leather armour
 j - an ice dragon hide (worn)
Scrolls
 f - a scroll of teleportation
 h - a scroll of fog
 q - 3 scrolls of identify {unknown}
 r - a scroll of enchant armour {unknown}
Potions
 i - a potion of magic {unknown}
 k - a potion of invisibility {unknown}
 m - 2 potions of curing {unknown}
 n - a potion of might {unknown}
 o - a potion of agility {unknown}
 t - a potion of poison {unknown}
 w - 2 potions of brilliance {unknown}
Comestibles
 e - a bread ration
 g - 2 fruits
 u - a beef jerky


   Skills:
 + Level 1.9 Fighting
 * Level 7.6 Slings
 + Level 1.2 Armour
 + Level 2.4 Dodging
 + Level 1.1 Stealth


You had 3 spell levels left.
You didn't know any spells.

Dungeon Overview and Level Annotations

Branches:
Dungeon (3/15)

Altars:
Cheibriados


Innate Abilities, Weirdness & Mutations

You are small and have problems with some larger weapons.
You are somewhat resistant to further mutation.


Message History

No target in view!
No target in view!
p - 40 stones (gained 2)
Things that are here:
a short sword; a kobold corpse Wield which item (- for none, * to show all)? (? for menu, Esc to quit)
It sticks to your hand!
s - a cursed -3 dagger (weapon)
Read which item? (? for menu, Esc to quit)
As you read the scroll labeled QEFAOM WIRUG, it crumbles to dust.
You feel strangely unstable.
It was a scroll of teleportation.
Read which item? (? for menu, Esc to quit)
As you read the scroll labeled QESOS QANLOIRU, it crumbles to dust.
The scroll dissolves into smoke.
It was a scroll of fog.
Read which item? (? for menu, Esc to quit)
As you read the scroll labeled QUHEENA RITUCH, it crumbles to dust.
It is a scroll of enchant weapon.
Enchant which weapon? (? for menu, Esc to quit)
Your cursed -3 dagger glows red for a moment.
Are you sure you want to abandon this character and quit the game? (Confirm with "yes".)

####.##.............
#.######.........
###................
#........†.........
#.........#####.... ##
#.........# ####### .#
#§.§....#.# #...... .#
#§§§§...#.###......
.##############§@§§...#..†'......
.......#......§§§§.....####......
######.#.######§....)..# #......
######.#.# ##...#'#### #......
#......#>#########......# #......
#......'.#.......#.##.#.# #......
#......###.#####.#.#....# #.#....
.........#.........#..### #.#####
..######.###..##.###..#####......


There were no monsters in sight!

Vanquished Creatures
  Terence (D:2)
  An adder (D:2)
  An ooze (D:2)
  2 giant cockroaches (D:1)
  A hobgoblin (D:2)
  4 jackals (D:2)
  6 kobolds
  2 quokkas (D:2)
  2 bats
  4 giant newts
  6 goblins
  5 rats
35 creatures vanquished.

Notes
Turn   | Place    | Note
--------------------------------------------------------------
     0 | D:1      | mcbry74 the Halfling Hunter began the quest for the Orb.
     0 | D:1      | Reached XP level 1. HP: 14/14 MP: 1/1
    70 | D:1      | Reached skill level 6 in Slings
   242 | D:1      | Reached XP level 2. HP: 19/19 MP: 2/2
   667 | D:2      | Noticed Terence
   717 | D:2      | Killed Terence
   717 | D:2      | Reached skill level 7 in Slings
   717 | D:2      | Reached XP level 3. HP: 8/24 MP: 3/3
  1164 | D:2      | Reached XP level 4. HP: 29/29 MP: 4/4
  1320 | D:2      | Found a snail-covered altar of Cheibriados.
  1343 | D:2      | Reached skill level 1 in Armour
  1773 | D:2      | Quit the game

Vault maps used:
D:1:      dpeg_arrival_pits, minmay_misc_feat_room
D:2:      cheibriados_altar_1, uniq_terence
D:3:      first_bread, makhleb_heckhound_becter

Action                   |  1- 3 |  4- 6 || total
-------------------------+-------+-------++-------
Melee: Short sword       |    15 |     1 ||    16
 Fire: Hunting sling     |    59 |    36 ||    95
  Use: Scroll            |       |     3 ||     3
  Eat: Chunk             |       |     2 ||     2
       Bread ration      |       |     1 ||     1
